 Dungeon Crawl Stone Soup version 0.30-a0-1074-g5db6f66fbb (webtiles) character file.

Game seed: 9993980485742394685

14438 Arzdou the Summoner (level 12, -4/91 HPs)
             Began as a Merfolk Summoner on Apr 13, 2023.
             Was a Priest of Ashenzari.
             Slain by a komodo dragon (8 damage)
             ... on level 8 of the Dungeon.
             The game lasted 01:06:28 (14246 turns).

Arzdou the Summoner (Merfolk Summoner)             Turns: 14246, Time: 01:06:29

Health: -4/91      AC:  8    Str: 14    XL:     12   Next: 16%
Magic:  17/26      EV: 15    Int: 15    God:    Ashenzari [***...]
Gold:   777        SH:  0    Dex: 15    Spells: 12/31 levels left

rFire   . . .      SeeInvis +    b - +10 sling "Basailen" {flame, +Blink Will+ Str+3}
rCold   . . .      Faith    +    (no shield)
rNeg    + . .      Spirit   .    L - +0 leather armour of a Labyrinth {rElec rPois Int-3 SInv}
rPois   +          Reflect  .    (no helmet)
rElec   +          Rampage  .    (no cloak)
rCorr   .          Clarity  +    E - +0 pair of gloves "Eternal Entitlement" {Cun, Self} (curse)
Will    +....                    H - +3 pair of boots of the Distant Suspicion {Drain rN+ Regen+ Str+2, Comp, Range} (curse)
Stlth   +++                      t - amulet "Clairvoyant Awkwardness" {Faith, Elem, Self} (curse)
HPRegen 1.15/turn                B - ring of Ashenzari's Jealousy {Wiz, Range, Comp} (curse)
MPRegen 0.20/turn                J - ring of Star-Bound Wisdom {Slay+4, Range, Comp} (curse)

@: studying Shields
A: (nimble swimmer 2), mertail
a: Renounce Religion, Evoke Blink, Curse Item, Shatter the Chains


You were on level 8 of the Dungeon.
You worshipped Ashenzari.
Ashenzari was most pleased with you.
You visited 3 branches of the dungeon, and saw 13 of its levels.
You also visited: Bailey.

You collected 777 gold pieces.

Inventory:

Hand Weapons
 a - a +4 halberd
 b - the +10 sling "Basailen" (weapon) {flame, +Blink Will+ Str+3}
   (You found it on level 4 of the Dungeon)

   Str:       It affects your strength (+3).
   +Blink:    It lets you blink.
   Will:      It increases your willpower.
 n - a +0 spear
 O - a +0 halberd
Missiles
 R - 2 throwing nets
Armour
 m - a +0 robe
 y - a +2 robe of the Archmagi
 E - the cursed +0 pair of gloves "Eternal Entitlement" (worn) {Cun, Self}
   (You found it on level 5 of the Dungeon)

   It has a curse which improves the following skills: Cunning: Dodging and
   Stealth.
   Introspection: Fighting and Spellcasting.
 H - the cursed +3 pair of boots of the Distant Suspicion (worn) {Drain rN+ Regen+ Str+2, Comp, Range}
   (You found it on level 6 of the Dungeon)

   Str:       It affects your strength (+2).
   rN:        It protects you from negative energy.
   Regen:     It increases your rate of health regeneration.
   Drain:     It drains your maximum health when unequipped.
   It has a curse which improves the following skills: Companions: Summonings
   and Necromancy.
   Ranged Combat: Ranged Weapons and Throwing.
 L - the +0 leather armour of a Labyrinth (worn) {rElec rPois Int-3 SInv}
   (You found it on level 3 of the Dungeon)

   Int:       It affects your intelligence (-3).
   rElec:     It insulates you from electricity.
   rPois:     It protects you from poison.
   SInv:      It lets you see invisible.
Jewellery
 k - a +4 ring of protection
 t - the cursed amulet "Clairvoyant Awkwardness" (around neck) {Faith, Elem, Self}
   (You found it on level 4 of the Dungeon)

   [amulet of faith]

   It allows you to gain divine favour quickly.
   It has a curse which improves the following skills: Elements: Fire Magic, Ice
   Magic, Air Magic and Earth Magic.
   Introspection: Fighting and Spellcasting.
 A - a ring of willpower
 B - the cursed ring of Ashenzari's Jealousy (left hand) {Wiz, Range, Comp}
   (You found it on level 5 of the Dungeon)

   [ring of wizardry]

   It improves your spell success rate.
   It has a curse which improves the following skills: Ranged Combat: Ranged
   Weapons and Throwing.
   Companions: Summonings and Necromancy.
 J - the cursed ring of Star-Bound Wisdom (right hand) {Slay+4, Range, Comp}
   (You found it on level 9 of the Dungeon)

   [ring of slaying]

   Slay:      It affects your accuracy & damage with ranged weapons and melee
   (+4).
   It has a curse which improves the following skills: Ranged Combat: Ranged
   Weapons and Throwing.
   Companions: Summonings and Necromancy.
 Q - a +5 ring of evasion
 T - a ring of flight
 U - a ring of resist corrosion
Wands
 x - a wand of roots (21)
 C - a wand of flame (15)
 I - a wand of charming (16)
 P - a wand of acid (7)
 S - a wand of mindburst (13)
Scrolls
 c - 2 scrolls of enchant armour
 d - 3 scrolls of enchant weapon
 e - 3 scrolls of poison
 g - 4 scrolls of vulnerability
 h - 14 scrolls of identify
 i - 2 scrolls of teleportation
 l - 3 scrolls of magic mapping
 o - a scroll of silence
 q - 3 scrolls of immolation
 s - 2 scrolls of amnesia
 v - 3 scrolls of fear
Potions
 f - 5 potions of heal wounds
 j - a potion of berserk rage
 p - 5 potions of curing
 r - a potion of attraction
 u - 2 potions of lignification
 w - 2 potions of magic
 D - a potion of cancellation
 F - 3 potions of might
 G - a potion of experience
 K - a potion of ambrosia
 M - a potion of brilliance
 N - 2 potions of haste
Miscellaneous
 z - a piece from Xom's chessboard (15/15)


   Skills:
 + Level 5.1(7.2) Fighting
 * Level 10.7 Polearms
 + Level 6.1(9.1) Ranged Weapons
 + Level 1.1 Armour
 + Level 6.1(7.6) Dodging
 + Level 3.8(5.2) Stealth
 + Level 7.8(10.1) Spellcasting
 + Level 2.5 Hexes
 * Level 11.8(14.7) Summonings
 - Level 1.5(2.6) Air Magic
 + Level 0.3 Evocations


You had 12 spell levels left.
You knew the following spells:

 Your Spells              Type           Power      Damage    Failure   Level
a - Summon Small Mammal   Summ           100%       N/A       1%          1
b - Call Imp              Summ           100%       N/A       1%          2
c - Call Canine Familiar  Summ           51%        N/A       1%          3
d - Summon Guardian Gole  Hex/Summ       33%        N/A       1%          3
e - Summon Lightning Spi  Summ/Air       33%        N/A       1%          4
f - Gell's Gravitas       Tloc           7%         N/A       14%         3
g - Tukima's Dance        Hex            15%        N/A       5%          3

Your spell library contained the following spells:

 Spells                   Type           Power      Damage    Failure   Level
 Beastly Appendage        Tmut           14%        N/A       4%          1
 Blink                    Tloc           14%        N/A       8%          2
 Wereblood                Tmut           7%         N/A       8%          2
 Dazzling Flash           Conj/Hex       22%        N/A       9%          3
 Spider Form              Tmut/Pois      7%         N/A       14%         3
 Teleport Other           Tloc           7%         N/A       14%         3
 Volatile Blastmotes      Fire/Tloc      14%        2d11      14%         3
 Iskenderun's Mystic Bla  Conj/Tloc      7%         2d4       41%         4
 Manifold Assault         Tloc           7%         N/A       41%         4
 Passage of Golubria      Tloc           7%         N/A       41%         4
 Yara's Violent Unravell  Hex/Tmut       5%         3d4       58%         5
 Dispersal                Tloc           3%         N/A       99%         6
 Starburst                Conj/Fire      3%         6d3       99%         6
 Storm Form               Tmut/Air       5%         N/A       100%        7


Dungeon Overview and Level Annotations

Branches:
Dungeon (11/15)            Temple (1/1) D:6            Lair (1/5) D:8
    Orc (0/2) D:9          Bailey (visited)

Altars:
Ashenzari
Cheibriados
Dithmenos
Elyvilon
Fedhas
Gozag
Hepliaklqana
Kikubaaqudgha
Makhleb
Nemelex Xobeh
Okawaru
Qazlal
Ru
Sif Muna
Trog
Uskayaw
Vehumet
Wu Jian
Xom
Yredelemnul
Zin
The Shining One

Shops:
D:5 [(!*=   D:6 *


Innate Abilities, Weirdness & Mutations

((You are very nimble when in or above water. (Stealth+, EV+, Speed+++)))
Your lower body shifts to a powerful aquatic tail in water.


Message History

There is a stone staircase leading up here.
You climb upwards.
There is a stone staircase leading down here.
There is a staircase to the Lair here.
Saving game... please wait.
Welcome back, Arzdou the Merfolk Summoner.
Ashenzari says: Partake of my vision.
Partake of my curse.
Press ? for a list of commands and other information.
Okay, then.
You climb downwards.
Welcome to the Lair of Beasts!
Found a +0 ring mail and a potion of heal wounds.
There is a staircase back to the Dungeon here.
An elephant comes into view.
Found 7 stones.
The komodo dragon hisses angrily.
There is a staircase back to the Dungeon here.
A water moccasin comes into view.
The water moccasin hisses angrily.
There is a staircase back to the Dungeon here.
The komodo dragon bites you but does no damage.
The water moccasin misses you.
You climb upwards.
Welcome back to the Dungeon!
There is a staircase to the Lair here.
Cast which spell? (? or * to list)
An electric hum fills the air.
The komodo dragon bites you!! The komodo dragon bites you!!
Casting: Summon Lightning Spire (mildly dangerous; 1% risk of failure)
Confirm with . or Enter, or press ? or * to list all spells.
A guardian golem appears, shielding your allies.
The komodo dragon barely misses you. The komodo dragon bites you!!
* * * LOW HITPOINT WARNING * * *
Casting: Summon Guardian Golem (safe; 1% risk of failure)
Confirm with . or Enter, or press ? or * to list all spells.
The komodo dragon bites you!!
* * * LOW HITPOINT WARNING * * *
Your lightning spire shoots out a bolt of lightning at the komodo dragon!
The bolt of electricity hits the komodo dragon!
The komodo dragon bites you!
You die...

..##)#..# #.# ).8###.##
#.# ..##...# ##.##
.......# ##...##
.......# ##....)##
##.##### #.......#
##.##########.P.....##
.....................#
#......##...^[..@.8..##
........#.#.....l.....#
.........<##....9h....#
.......)..##..........#
..........###.P...P.#.#
.........## #.......#.#
.........# ##.....##.#
........## ##...###.#
........## #.<...##.#


You could see a komodo dragon (ally target), a friendly guardian golem
(summoned), a friendly warg (summoned, sheltered) and a friendly lightning spire
(summoned, sheltered).

Vanquished Creatures
  A two-headed ogre (D:10)
  A deep elf pyromancer (D:11)
  Maurice (D:9)
  A centaur skeleton (D:7)
  2 vampires (D:10)
  2 vampire mosquitoes
  A steam dragon (D:6)
  An acid dragon (D:11)
  4 orc warriors
  3 black bears
  A sky beast (D:7)
  4 ogres
  A centaur (D:10)
  2 phantoms
  2 kobold brigands
  A bullfrog (D:7)
  2 scorpions (D:6)
  3 wights
  5 killer bees
  2 jellies
  3 hounds (D:5)
  A gnoll bouda (D:5)
  2 orc priests
  2 iguanas (D:4)
  2 sleepcaps
  4 orc wizards
  2 gnolls (D:6)
  2 adders (D:5)
  4 shadow imps (D:7)
  29 orcs
  4 endoplasms
  A giant cockroach (D:4)
  5 goblins (D:4)
  4 hobgoblins
  3 jackals (D:3)
  A quokka (D:5)
  4 bats
  2 frilled lizards
  13 kobolds
  2 rats
130 creatures vanquished.

Vanquished Creatures (collateral kills)
  A two-headed ogre (D:11)
  Urug (D:11)
  An ugly thing (D:11)
  An elephant (D:8)
  A centaur zombie (D:7)
  2 centaur skeletons (D:7)
  4 gargoyles (D:8)
  2 trolls (D:11)
  A hornet (D:10)
  A yak (D:7)
  4 vampire mosquitoes
  A water moccasin (D:5)
  2 black bears
  8 orc warriors
  An ice beast (D:7)
  An ogre (D:5)
  A sky beast (D:6)
  3 kobold brigands
  A bullfrog (D:7)
  A scorpion (D:6)
  4 wights (D:9)
  2 killer bees
  A howler monkey (D:6)
  3 jellies
  2 hounds (D:4)
  3 orc priests (D:6)
  A sleepcap (D:6)
  2 iguanas
  6 orc wizards
  3 gnolls (D:6)
  5 adders
  A shadow imp (D:7)
  A worm (D:5)
  15 orcs
  3 bats
  4 endoplasms
  2 goblins (D:4)
  6 hobgoblins
  10 kobolds
  2 ball pythons
  A rat (D:3)
115 creatures vanquished.

Vanquished Creatures (others)
  A wolf spider zombie (D:7)
  A gargoyle (D:8)
  A hellwing (D:7)
  A wyvern (D:8)
  2 vampire mosquitoes (D:7)
  An orc warrior (Bailey)
  A gnoll sergeant (D:6)
  2 wights (D:7)
  2 killer bees (D:10)
  An orc wizard (D:9)
  A gnoll (D:6)
  A shadow imp (D:4)
  2 orcs (D:9)
  32 fungi
  2 withered plants (D:7)
51 creatures vanquished.

Grand Total: 296 creatures vanquished

Notes
Turn   | Place    | Note
-------+----------+-------------------------------------------
     0 | D:1      | Arzdou the Merfolk Summoner began the quest for the Orb.
     0 | D:1      | Reached XP level 1. HP: 13/13 MP: 3/3
   345 | D:1      | Found a faded altar of an unknown god.
   347 | D:1      | Noticed a great orb of eyes
   350 | D:1      | Noticed a floating eye
   350 | D:1      | Noticed a great orb of eyes
   350 | D:1      | Noticed a shining eye
   462 | D:1      | Reached XP level 2. HP: 6/19 MP: 1/5
   958 | D:2      | Learned a level 2 spell: Call Imp
  2024 | D:3      | Reached skill level 1 in Polearms
  2024 | D:3      | Reached XP level 3. HP: 24/24 MP: 1/6
  2347 | D:3      | Identified the +0 leather armour of a Labyrinth {rElec
                  | rPois Int-3 SInv}
  2655 | D:4      | Learned a level 3 spell: Call Canine Familiar
  2728 | D:4      | Identified the +10 sling "Basailen" {flame, +Blink Will+
                  | Str+3}
  2818 | D:4      | Reached XP level 4. HP: 5/31 MP: 1/7
  3043 | D:4      | Reached skill level 5 in Summonings
  3050 | D:4      | Reached XP level 5. HP: 24/36 MP: 3/9
  3216 | D:4      | Identified the +4 long sword of the Fool {flame, rPois rN+
                  | Int-4 Dex+3}
  3363 | D:4      | Noticed a kobold brigand
  3393 | D:4      | Killed a kobold brigand
  3394 | D:4      | Reached skill level 1 in Ranged Weapons
  3394 | D:4      | Reached XP level 6. HP: 27/42 MP: 5/10
  3523 | D:4      | Noticed a black bear
  3548 | D:4      | Killed a black bear
  3549 | D:4      | Reached skill level 1 in Fighting
  3773 | D:4      | Found a white marble altar of Elyvilon.
  3989 | D:5      | Entered Level 5 of the Dungeon
  4116 | D:5      | Found Jabar's Weapon Boutique.
  4124 | D:5      | Found Anodahept's Distillery.
  4157 | D:5      | Reached XP level 7. HP: 33/48 MP: 11/11
  4283 | D:5      | Found Iterite's Jewellery Boutique.
  4317 | D:5      | Reached skill level 6 in Summonings
  4414 | D:5      | Found Rurore Fupa's General Store.
  4422 | D:5      | Identified the +4 quarterstaff of Yttel {flame, *Rage rC++
                  | Str+3 Stlth+}
  4451 | D:5      | Found Lacking's Antique Armour Emporium.
  4583 | D:5      | HP: 2/48 [ogre/+0 giant spiked club (19)]
  5124 | D:5      | Reached XP level 8. HP: 53/56 MP: 13/13
  5140 | D:5      | Reached skill level 5 in Polearms
  5144 | D:5      | Learned a level 3 spell: Summon Guardian Golem
  5158 | D:5      | Found a hazy altar of Hepliaklqana.
  5643 | D:5      | Reached skill level 7 in Summonings
  6131 | D:6      | Found a staircase to the Ecumenical Temple.
  6140 | Temple   | Entered the Ecumenical Temple
  6148 | Temple   | Became a worshipper of Ashenzari the Shackled
  6305 | D:6      | Identified the +3 pair of boots of Untold Secrets {Drain
                  | rN+ Regen+ Str+2}
  6341 | D:6      | Reached XP level 9. HP: 48/62 MP: 5/15
  6564 | D:6      | Reached skill level 8 in Summonings
  6773 | D:6      | Found Xeech's Neck Hole.
  6815 | D:6      | Identified the +4 falchion of Grace {protect, Int+3}
  6830 | D:6      | Found an opulent altar of Gozag.
  7000 | D:6      | Found the +11 Singing Sword {sonic wave}
  7147 | D:6      | Reached skill level 5 in Spellcasting
  7698 | D:7      | Found a sparkling altar of Nemelex Xobeh.
  7760 | D:7      | Reached XP level 10. HP: 44/71 MP: 3/17
  7981 | D:7      | Found an ornate altar of the Wu Jian Council.
  8011 | D:7      | Found a flagged portal.
  8115 | Bailey   | Entered a bailey
  8295 | Bailey   | Reached skill level 9 in Summonings
  8348 | Bailey   | Noticed an orc knight
  8506 | D:7      | Reached skill level 5 in Ranged Weapons
  8881 | D:8      | Reached * piety under Ashenzari
  8944 | D:8      | Identified the +5 flail "Qaffias" {vamp, Int+2 SInv}
  8946 | D:8      | Identified the +9 plate armour of Modesty {rN+ SInv}
  8993 | D:8      | Learned a level 4 spell: Summon Lightning Spire
  9009 | D:8      | Found a stormy altar of Qazlal.
  9093 | D:8      | Reached skill level 5 in Dodging
  9127 | D:8      | Noticed an elephant
  9138 | D:8      | Found a staircase to the Lair.
  9190 | D:7      | Reached skill level 1 in Hexes
  9461 | D:7      | Reached ** piety under Ashenzari
  9841 | D:7      | Found a glowing silver altar of Zin.
  9869 | D:7      | Reached XP level 11. HP: 57/81 MP: 3/22
  9952 | D:7      | Reached skill level 10 in Summonings
 10438 | D:8      | HP: 2/81 [gargoyle/stone arrow (23)]
 10816 | D:9      | Reached skill level 1 in Air Magic
 11235 | D:9      | Found a staircase to the Orcish Mines.
 11357 | D:8      | Reached skill level 10 in Polearms
 11729 | D:10     | Entered Level 10 of the Dungeon
 11729 | D:10     | Noticed a two-headed ogre
 11859 | D:9      | Noticed Maurice
 11873 | D:9      | Killed Maurice
 12161 | D:10     | Killed a two-headed ogre
 12166 | D:10     | Learned a level 3 spell: Gell's Gravitas
 12236 | D:10     | Reached skill level 11 in Summonings
 12606 | D:10     | Reached *** piety under Ashenzari
 13090 | D:11     | Noticed a deep elf pyromancer
 13105 | D:11     | Noticed a brown ugly thing
 13146 | D:11     | Noticed a two-headed ogre
 13156 | D:11     | Killed a two-headed ogre
 13377 | D:11     | Killed a deep elf pyromancer
 13378 | D:11     | Reached XP level 12. HP: 62/91 MP: 18/25
 13480 | D:11     | Noticed Urug
 13595 | D:11     | Reached skill level 1 in Armour
 13729 | D:11     | Reached skill level 5 in Fighting
 13734 | D:11     | Killed Urug
 14138 | D:10     | Learned a level 3 spell: Tukima's Dance
 14230 | Lair:1   | Entered Level 1 of the Lair of Beasts
 14245 | D:8      | HP: 3/91 [komodo dragon (21)]
 14246 | D:8      | Slain by a komodo dragon

Illustrated notes

Levels and vault maps discovered:
D:1:      amcnicky_arrival_choice, layout_loops_ring,
          hellmonk_ecumenical_altar_watching_god, chequers_arboretum
D:2:      layout_basic
D:3:      layout_basic
D:4:      minmay_octagon_keep, layout_loops_cross,
          nicolae_elyvilon_peaceful_grove, minmay_misc_feat_room,
          lemuel_flame_loot_1
D:5:      layout_basic, mainiacjoe_overflow_boulevard, serial_shops, shop,
          nicolae_square_shop, nicolae_shop_statue_plus,
          nicolae_shop_hallway_plus, nicolae_shop_hallway_plus, serial_aquarium,
          aquarium_bridge_long_separate [aquarium_subvault_bridge,
          aquarium_subvault_bridge, aquarium_subvault_wall,
          aquarium_subvault_balcony, aquarium_subvault_bridge,
          aquarium_subvault_bridge], aquarium_window_1, aquarium_window_fake,
          aquarium_window_corner, aquarium_view_2e, aquarium_balcony_double_1,
          aquarium_pool_2, grunt_ministairs_2, kennysheep_nub,
          minmay_crystal_room, eino_tiny_chamber, minmay_pentangle
D:6:      old_forge, layout_basic, mainiacjoe_overflow_cross_hatched,
          lemuel_temple_firewalk_a, amcnicky_mini_pool_small,
          nicolae_shop_sticking_my_neck_out
D:7:      cheibrodos_grave_circle, layout_gridville, overflow_temple_1_default,
          mainiacjoe_overflow_big_doors, enter_bailey_4
D:8:      cheibrodos_statue_roulette, layout_rooms, grunt_qazlal_sundering,
          david_lair_generic, minmay_misc_feat_diagonals
D:9:      layout_loops_cross, david_orc_2, uniq_maurice
D:10:     layout_rooms
D:11:     layout_basic, grunt_ogre_cave, uniq_urug
Temple:   nicolae_temple_no_exploring_needed
Lair:1:   gammafunk_lair_enchanted_lake, layout_loops_ring,
          infiniplex_staircase_pool_2, uniq_erica

Skill      XL: |  1  2  3  4  5  6  7  8  9 10 11 12 |
---------------+-------------------------------------+-----
Polearms       | 1 2 3 4 6 8 9 10 | 10.7
Dodging        | 3 4 5 6 |  6.1
Summonings     | 5 6 7 8 9 11 | 11.8
Ranged Weapons | 1 2 3 4 5 6 |  6.1
Spellcasting   | 3 4 5 6 7 |  7.8
Fighting       | 1 2 4 5 |  5.1
Stealth        | 3 |  3.8
Hexes          | 1 2 |  2.5
Air Magic      | 1 |  1.5
Armour         | 1 |  1.1
Evocations     | |  0.3

Action                     |  1- 3 |  4- 6 |  7- 9 | 10-12 || total
---------------------------+-------+-------+-------+-------++-------
  Melee: Unarmed           |    19 |       |       |       ||    19
         Dagger            |    23 |       |       |       ||    23
         Spear             |    62 |    33 |   150 |    35 ||   280
         Punch             |     1 |       |     1 |       ||     2
         Halberd           |       |       |       |    15 ||    15
   Fire: Sling             |       |    42 |    91 |   120 ||   253
   Cast: Summon Small Mamm |    44 |       |     5 |     1 ||    50
         Call Imp          |     7 |    11 |    26 |    32 ||    76
         Call Canine Famil |     1 |     8 |    32 |    55 ||    96
         Summon Guardian G |       |       |     4 |    36 ||    40
         Summon Lightning  |       |       |       |    41 ||    41
 Invoke: Curse Item        |       |       |     1 |     4 ||     5
Ability: Evoke Blink       |       |     2 |       |       ||     2
    Use: Scroll            |       |       |       |     5 ||     5
         Potion            |       |       |       |     1 ||     1
   Stab: Sleeping          |     2 |     1 |       |     1 ||     4
         Distracted        |     1 |       |     6 |     1 ||     8
         Held in net/web   |       |       |     1 |       ||     1
 Armour: Robe              |    14 |    12 |    45 |    80 ||   151
         Leather armour    |       |       |       |    19 ||    19
  Dodge: Dodged            |    71 |    49 |   103 |   268 ||   491

Table legend: (Time is in decaauts)
 A = Elapsed time spent in this place.
 B = Non-inter-level travel time spent in this place.
 C = Inter-level travel time spent in this place.
 D = Time resting spent in this place.
 E = Time spent auto-exploring this place.
 F = Levels seen in this place.
 G = Mean time per level.
                   A        B        C        D        E       F      G
               +--------+--------+--------+--------+--------+-----+--------+
         Total |  14209 |  13140 |   1069 |      0 |  10048 |  14 | 1014.9 |
       Dungeon |  13900 |  12831 |   1069 |      0 |   9953 |  11 | 1263.6 |
        Temple |     16 |     16 |      0 |      0 |      0 |   1 |   16.0 |
          Lair |      8 |      8 |      0 |      0 |      0 |   1 |    8.0 |
        Bailey |    283 |    283 |      0 |      0 |     95 |   1 |  283.0 |
               +--------+--------+--------+--------+--------+-----+--------+

Top non-repeatable levels by time:
     D:7: 1941 daAuts
     D:5: 1849 daAuts
     D:4: 1763 daAuts
     D:6: 1513 daAuts
    D:11: 1192 daAuts
     D:8: 1143 daAuts
     D:9: 1079 daAuts
     D:2: 989 daAuts
     D:1: 871 daAuts
    D:10: 814 daAuts
     D:3: 740 daAuts
  Bailey: 283 daAuts
  Temple: 16 daAuts
  Lair:1: 8 daAuts
